 Dungeon Crawl Stone Soup version 0.25-a0-435-g4b9beb1024 (webtiles) character file.

Game seed: 4995650112302175874, levelgen mode: deterministic

22 BeastOfSaturn the Vexing (level 2, 0/19 HPs)
             Began as a Demonspawn Enchanter on Jan 29, 2020.
             Slain by a hobgoblin
             ... wielding a +0 club
              (5 damage)
             ... on level 1 of the Dungeon.
             The game lasted 00:04:26 (1387 turns).

BeastOfSaturn the Vexing (Demonspawn Enchanter)     Turns: 1387, Time: 00:04:26

Health: 0/19       AC:  2    Str:  8    XL:     2   Next: 68%
Magic:  1/5        EV: 12    Int: 16    God:
Gold:   52         SH:  0    Dex: 13    Spells: 2/5 levels left

rFire    . . .     SeeInvis .   a - +1 dagger
rCold    . . .     Gourm    .   (no shield)
rNeg     . . .     Faith    .   b - +0 robe
rPois    .         Spirit   .   (no helmet)
rElec    .         Reflect  .   (no cloak)
rCorr    .         Harm     .   (no gloves)
MR       .....                  (no boots)
Stlth    ++........             (no amulet)
HPRegen  0.06/turn              (no ring)
MPRegen  0.09/turn              (no ring)

@: no status effects
A: powered by pain 1
a: no special abilities


You were on level 1 of the Dungeon.
You were not hungry.

You visited 1 branch of the dungeon, and saw 1 of its levels.

You collected 52 gold pieces.

Inventory:

Hand Weapons
 a - a +1 dagger (weapon)
 h - a -3 spear
Armour
 b - a +0 robe (worn)
 g - a +0 ring mail
 m - a +0 leather armour
Jewellery
 c - an uncursed ring of protection from fire {unknown}
Scrolls
 e - a scroll of remove curse
 f - a scroll of immolation {unknown}
 j - a scroll of enchant weapon {unknown}
Potions
 d - 2 potions of haste {unknown}
 i - a potion of mutation {unknown}
 k - a potion of might {unknown}
 l - a potion of heal wounds {unknown}
Comestibles
 n - a ration


   Skills:
 + Level 0.1 Fighting
 + Level 1.4 Short Blades
 * Level 0.9 Armour
 + Level 1.8 Dodging
 - Level 2.6 Stealth
 + Level 2.2 Spellcasting
 + Level 3.2 Hexes


You had 2 spell levels left.
You knew the following spells:

 Your Spells              Type           Power        Failure   Level  Hunger
a - Corona                Hex            ##.....      5%          1    #......
b - Ensorcelled Hibernat  Hex/Ice        #.....       16%         2    ###....

Your spell library contained the following spells:

 Spells                   Type           Power        Failure   Level  Hunger
 Confusing Touch          Hex            ##......     16%         3    ###....
 Tukima's Dance           Hex            ##......     16%         3    ###....
 Dazzling Flash           Conj/Hex       #.....       30%         3    ###....


Dungeon Overview and Level Annotations

Branches:
Dungeon (1/15)

Altars:


Innate Abilities, Weirdness & Mutations

You sometimes gain a little power by taking damage.


Message History

Casting: Ensorcelled Hibernation (safe; 16% risk of failure)
Confirm with . or Enter, or press ? or * to list all spells.
You don't have enough magic to cast that spell.
Unknown command.
Casting: Ensorcelled Hibernation (safe; 16% risk of failure)
Confirm with . or Enter, or press ? or * to list all spells.
Aiming: Ensorcelled Hibernation (safe; 16% risk of failure)
Press: ? - help, Shift-Dir - straight line, f/p - hobgoblin
Aim: a hobgoblin, wielding a +0 club (heavily wounded, chance to defeat MR: 55%)
The hobgoblin resists with significant effort.
You barely miss the hobgoblin.
The hobgoblin is moderately wounded.
The hobgoblin hits you but does no damage.
You hit the hobgoblin but do no damage.
The hobgoblin is moderately wounded.
The hobgoblin barely misses you. The hobgoblin hits you with a +0 club.
* * * LOW HITPOINT WARNING * * *
The hobgoblin hits you with a +0 club.
You die...

####.......#
##.............
.........†.#
#.#.##########
##########.#
#.#.# ### #.#
#.#.# #.. #.#
#.#.# #.# #.#
#)#.# #.#
#.####### #.#.#
#.# #.......#
#.#.# #.#
#######@# #.#
#.# #g# #.. #.#
#g# ##. #.# #.#
. #.# #.# ..
#.# #.# #.# #.#
#.# #.# #.. #.#
###


You could see 2 hobgoblins.

Vanquished Creatures
  A leopard gecko (D:1)
  A ball python (D:1)
  3 giant cockroaches (D:1)
  3 hobgoblins (D:1)
  4 kobolds (D:1)
  2 bats (D:1)
  2 frilled lizards (D:1)
  4 rats (D:1)
20 creatures vanquished.

Notes
Turn   | Place    | Note
-------+----------+-------------------------------------------
     0 | D:1      | BeastOfSaturn the Demonspawn Enchanter began the quest for
                  | the Orb.
     0 | D:1      | Reached XP level 1. HP: 13/13 MP: 3/3
   403 | D:1      | Reached skill level 1 in Short Blades
   488 | D:1      | Gained mutation: You sometimes gain a little power by
                  | taking damage. [demonic ancestry]
   488 | D:1      | Reached XP level 2. HP: 10/19 MP: 5/5
   772 | D:1      | Learned a level 2 spell: Ensorcelled Hibernation
  1387 | D:1      | Slain by a hobgoblin

Levels and vault maps discovered:
D:1:      roderic_dead_forest, layout_loops_ring, chequers_serial_rivers_room_b

Skill      XL: |  1 |
---------------+----+-----
Short Blades   | 1 |  1.4
Fighting       | |  0.1
Armour         | |  0.9
Dodging        | |  1.8
Stealth        | |  2.6
Spellcasting   | |  2.2
Hexes          | |  3.2

Action                   || total
-------------------------++-------
Melee: Dagger            ||   100
 Cast: Corona            ||     6
       Ensorcelled Hiber ||     7
  Use: Scroll            ||     1
 Stab: Sleeping          ||     5
  Eat: Ration            ||     1
Armor: Robe              ||    22
Dodge: Dodged            ||    60

Table legend:
 A = Non-vault XP
 B = Vault XP
 C = Vault XP percentage of total XP
 D = Non-vault monster count
 E = Vault monster count
 F = Vault count percentage of total count
                 A         B        C        D         E       F
            +---------+---------+-------+---------+---------+-------
      Total |      32 |       0 |   0.0 |      20 |       0 |   0.0
            +---------+---------+-------+---------+---------+-------
        D:1 |      32 |       0 |   0.0 |      20 |       0 |   0.0
            +---------+---------+-------+---------+---------+-------
